 Dungeon Crawl Stone Soup version 0.31-a0-626-g8143ab4f1d (webtiles) character file.

Game seed: 7569461104156554130

58 thirtiethelement the Ruffian (level 3, -3/26 HPs)
             Began as a Demonspawn Shapeshifter on Aug 24, 2023.
             Slain by a phantom (6 damage)
             ... on level 4 of the Dungeon.
             The game lasted 00:04:29 (1324 turns).

thirtiethelement the Ruffian (DsSh)                 Turns: 1324, Time: 00:04:30

Health: -3/26      AC:  4    Str: 17    XL:     3   Next: 75%
Magic:  1/3        EV: 12    Int:  9    God:
Gold:   26         SH:  0    Dex: 13    Spells: 0/2 levels left

rFire   . . .        t - +0 trident
rCold   . . .        (no shield)
rNeg    . . .        a - +0 animal skin
rPois   .            (helmet currently unavailable)
rElec   .            (cloak currently unavailable)
rCorr   .            (gloves currently unavailable)
SInv    .            (boots currently unavailable)
Will    .....        (no amulet)
Stlth   ++           (no ring)
HPRegen 0.24/turn    (no ring)
MPRegen 0.08/turn

%: no passive effects
@: beast-form
A: beast (slay +1), horns 1, thin metallic scales 1
a: Begin Untransformation


You were on level 4 of the Dungeon.
You were a hulking beast.
You visited 1 branch of the dungeon, and saw 3 of its levels.

You collected 26 gold pieces.

Inventory:

Hand Weapons
 t - a +0 trident (weapon)
Armour
 a - a +0 animal skin (worn)
Talismans
 c - a beast talisman (active)
 d - a flux talisman
 r - a maw talisman
Scrolls
 f - a scroll of enchant weapon {unknown}
 h - a scroll of blinking {unknown}
 i - 2 scrolls of brand weapon {unknown}
 j - a scroll of identify {unknown}
 k - a scroll of revelation {unknown}
 m - a scroll of immolation {unknown}
 n - a scroll of teleportation {unknown}
 p - a scroll of fear {unknown}
Potions
 b - a potion of lignification
 e - a potion of magic {unknown}
 g - 2 potions of attraction {unknown}
 l - a potion of haste {unknown}
 o - 3 potions of cancellation {unknown}
 q - 3 potions of curing {unknown}
 s - a potion of heal wounds {unknown}


   Skills:
 + Level 1.0 Fighting
 + Level 2.1 Dodging
 + Level 0.9 Stealth
 + Level 3.3 Unarmed Combat
 + Level 0.1 Ice Magic
 + Level 3.2 Shapeshifting


You couldn't memorise any spells.
You knew the following spells:

 Your Spells              Type           Power      Damage    Failure   Level
a - Ensorcelled Hibernat  Hex/Ice        0%         N/A       52%         2

Your spell library contained the following spells:

 Spells                   Type           Power      Damage    Failure   Level
 Anguish                  Hex/Necr       0%         N/A       99%         4
 Cause Fear               Hex            0%         N/A       99%         4
 Enfeeble                 Hex            0%         N/A       100%        7


Dungeon Overview and Level Annotations

Branches:
Dungeon (2/15)

Altars:

Shops:
D:1 [


Innate Abilities, Weirdness & Mutations

You are a hulking beast.
Your limbs bulge with bestial killing power. (Slay +1)
You have a pair of small horns on your head.
You are partially covered in thin metallic scales. (AC +2)


Message History

The iguana closely misses you. The iguana bites you.
Casting: Ensorcelled Hibernation (quite dangerous; 52% risk of failure)
Confirm with . or Enter, or press ? or * to list all spells.
Aiming: Ensorcelled Hibernation (quite dangerous; 52% risk of failure)
Press: ? - help, Shift-Dir - straight line, f/p - iguana
Aim: an iguana (lightly wounded, chance to affect: 41%)
You miscast Ensorcelled Hibernation.
You are very lightly contaminated with residual magic.
Nothing appears to happen.
The iguana barely misses you. The iguana attacks as it pursues you!
The iguana barely misses you.
Your magical contamination has completely faded away.
The iguana hisses menacingly.
The iguana attacks as it pursues you! The iguana closely misses you.
The iguana attacks as it pursues you! The iguana barely misses you.
The iguana attacks as it pursues you! The iguana barely misses you.
Casting: Ensorcelled Hibernation (quite dangerous; 52% risk of failure)
Confirm with . or Enter, or press ? or * to list all spells.
Aiming: Ensorcelled Hibernation (quite dangerous; 52% risk of failure)
Press: ? - help, Shift-Dir - straight line, f/p - iguana
Aim: an iguana (lightly wounded, chance to affect: 41%)
The iguana looks drowsy...
The iguana hisses angrily.
The iguana attacks as it pursues you! The iguana closely misses you.
The iguana bites you but does no damage.
The iguana attacks as it pursues you! The iguana barely misses you.
The iguana attacks as it pursues you! The iguana bites you!
* * * LOW HITPOINT WARNING * * *
The iguana attacks as it pursues you! The iguana bites you.
* * * LOW HITPOINT WARNING * * *
A phantom and an orc come into view.
A worm and 2 orcs come into view.
Found a stone staircase leading up.
An orc comes into view. It is wielding a +0 whip.
The orc shouts! x4
The orc hits you with a +0 whip.
* * * LOW HITPOINT WARNING * * *
The orc attacks as it pursues you! The orc hits you but does no damage.
A scorpion comes into view.
The phantom hits you.
You die...

#.# #.#
#.# ###
#.# ...##
#.#♣....#
#l...w...
#ooo.<.♣.
#.Wo.....
#h#♣.....
#.# .....
... ###.
##..#
#..# #..#
.s.. .#..


You could see a phantom, a worm, a scorpion, an iguana and 4 orcs.

Vanquished Creatures
  Jessica (D:2)
  A dart slug (D:1)
  3 endoplasms (D:1)
  A giant cockroach (D:1)
  4 goblins
  4 hobgoblins
  2 quokkas
  3 ball pythons (D:1)
  4 bats (D:1)
  A frilled lizard (D:1)
  5 rats
29 creatures vanquished.

Notes
Turn   | Place    | Note
-------+----------+-------------------------------------------
     0 | D:1      | thirtiethelement the Demonspawn Shapeshifter began the
                  | quest for the Orb.
     0 | D:1      | Reached XP level 1. HP: 15/15 MP: 1/1
   226 | D:1      | Gained mutation: You are partially covered in thin metallic
                  | scales. (AC +2) [demonic ancestry]
   226 | D:1      | Reached XP level 2. HP: 20/21 MP: 2/2
   424 | D:1      | Found Haodicki's Antique Armour Shop.
  1016 | D:2      | Gained mutation: You have a pair of small horns on your
                  | head. [demonic ancestry]
  1016 | D:2      | Reached XP level 3. HP: 20/26 MP: 3/3
  1092 | D:2      | Learned a level 2 spell: Ensorcelled Hibernation
  1163 | D:2      | Noticed Jessica
  1167 | D:2      | Killed Jessica
  1247 | D:2      | You fall into a shaft and drop 2 floors!
  1319 | D:4      | Noticed a phantom
  1324 | D:4      | Noticed a scorpion
  1324 | D:4      | Slain by a phantom

Illustrated notes

Levels and vault maps discovered:
D:1:      minmay_arrival_nine_rooms, layout_loops_ring, serial_shops, shop
D:2:      layout_basic, minmay_worlds_worst_comb, uniq_jessica
D:4:      layout_loops_ring, grunt_ministairs_1

Skill      XL: |  1  2  3 |
---------------+----------+-----
Shapeshifting  | 3 |  3.2
Unarmed Combat | 3 |  3.3
Dodging        | 2 |  2.1
Fighting       | |  1.0
Stealth        | |  0.9
Ice Magic      | |  0.1

Action                     || total
---------------------------++-------
  Melee: Unarmed           ||    92
         Punch             ||     2
         Trident           ||     6
         Headbutt          ||     2
   Cast: Ensorcelled Hiber ||     2
   Stab: Sleeping          ||     5
 Armour: Animal skin       ||    26
  Dodge: Dodged            ||    71

Table legend: (Time is in decaauts)
 A = Elapsed time spent in this place.
 B = Non-inter-level travel time spent in this place.
 C = Inter-level travel time spent in this place.
 D = Time resting spent in this place.
 E = Time spent auto-exploring this place.
 F = Levels seen in this place.
 G = Mean time per level.
                   A        B        C        D        E       F      G
               +--------+--------+--------+--------+--------+-----+--------+
         Total |   1319 |   1296 |     23 |      0 |   1018 |   3 |  439.7 |
       Dungeon |   1319 |   1296 |     23 |      0 |   1018 |   3 |  439.7 |
               +--------+--------+--------+--------+--------+-----+--------+

Top non-repeatable levels by time:
     D:1: 850 daAuts
     D:2: 391 daAuts
     D:4: 77 daAuts
